Selects Australian Defense Battlegroup
Selects Australian Light Infantry Section
Australian Light Infantry Section
Australian Light Infantry Section
Australian Light Infantry Section
Construct Section Command Post
Construct Platoon Command Post
Construct Field Infirmary
6-pounder Anti-tank Gun Team
6-pounder Anti-tank Gun Team
Selects 2-pounder Anti-tank Gun Team
Selects Vehicle Over Repair
Construct Company Command Post
Selects CMP 15cwt Supply Run
Selects Reinforced Resource Caches
Selects Archer Tank Destroyer
Australian Light Infantry Section